[Event "Titled Tuesday Blitz January 25 2022"]
[White "Langner, Ladislav"]
[Black "Wagner, Dennis"]
[WhiteFideId "300403"]
[BlackFideId "24650684"]
[WhiteElo "2346"]
[BlackElo "2355"]
[Result "0-1"]
[Round "01"]
[TimeControl "180+1"]
[Date "2022.01.26"]
[WhiteClock "0:00:19"]
[BlackClock "0:00:33"]

1. e4 c5 2. c3 d5 3. exd5 Qxd5 4. d4 Nc6 5. dxc5 Qxd1+ 6. Kxd1 e5 7. b4 Bf5 8. Nf3 f6 9. Bb5 a5 10. Bxc6+ bxc6 11. Be3 Ne7 12. Nbd2 Nd5 13. Nc4 Nxc3+ 14. Kd2 axb4 15. a3 Ne4+ 16. Ke2 b3 17. Bd2 Bxc5 18. Bb4 O-O 19. Bxc5 Nxc5 20. Nfd2 Rfb8 21. Ne3 Bd3+ 22. Kf3 b2 23. Rad1 Ra4 24. g3 Bc2 0-1


[Site "https://www.chess.com"]

[Event "Titled Tuesday Blitz January 25 2022"]
[White "Lenderman, Aleksandr"]
[Black "Shtyka, Sergey"]
[WhiteFideId "2021285"]
[BlackFideId "4138465"]
[WhiteElo "2651"]
[BlackElo "2014"]
[Result "1-0"]
[Round "01"]
[TimeControl "180+1"]
[Date "2022.01.26"]
[WhiteClock "0:01:08"]
[BlackClock "0:00:44"]

1. d4 c5 2. e4 cxd4 3. c3 dxc3 4. Nxc3 e6 5. Nf3 Nc6 6. Bc4 d6 7. O-O Be7 8. Qe2 Nf6 9. Rd1 e5 10. Be3 Bg4 11. h3 Bh5 12. g4 Bg6 13. Nh4 Nxe4 14. Nxg6 Nxc3 15. Bxf7+ Kxf7 16. Nxh8+ Qxh8 17. bxc3 Qc8 18. Rab1 Rb8 19. Qf3+ Kg8 20. Qd5+ Kh8 21. Kg2 Nd8 22. c4 b6 23. f4 exf4 24. Bxf4 Ne6 25. Bxd6 Bxd6 26. Qxd6 Nc5 27. Rd5 h6 28. Re1 Qa6 29. Qxb8+ Kh7 30. Qf4 Qxa2+ 31. Qf2 1-0


[Site "https://www.chess.com"]

[Event "Titled Tuesday Blitz January 25 2022"]
[White "Lewicki, Miroslaw"]
[Black "Kollars, Dmitrij"]
[WhiteFideId "1113380"]
[BlackFideId "12909572"]
[WhiteElo "2283"]
[BlackElo "2584"]
[Result "0-1"]
[Round "01"]
[TimeControl "180+1"]
[Date "2022.01.26"]
[WhiteClock "0:00:46"]
[BlackClock "0:00:40"]

1. g3 d5 2. Bg2 e5 3. d3 c6 4. Nf3 Bd6 5. O-O Nf6 6. b3 O-O 7. Bb2 Qe7 8. c4 Re8 9. cxd5 cxd5 10. Nc3 Nc6 11. Rc1 h6 12. Nb5 Bb8 13. d4 e4 14. Ne5 Bd7 15. Ba3 Qe6 16. Nxd7 Qxd7 17. e3 h5 18. f3 h4 19. fxe4 Nxe4 20. gxh4 a6 21. Bxe4 Rxe4 22. Nc3 Rxe3 23. Qh5 Bxh2+ 24. Kxh2 Qh3+ 25. Kg1 Rg3+ 26. Kf2 Rg2+ 27. Ke1 Qg3+ 28. Kd1 Qd3+ 29. Ke1 Qd2# 0-1


[Site "https://www.chess.com"]

[Event "Titled Tuesday Blitz January 25 2022"]
[White "Ljukin, Sergei"]
[Black "Sychev, Klementy"]
[WhiteFideId "14102200"]
[BlackFideId "4114060"]
[WhiteElo "2312"]
[BlackElo "2564"]
[Result "0-1"]
[Round "01"]
[TimeControl "180+1"]
[Date "2022.01.26"]
[WhiteClock "0:00:02"]
[BlackClock "0:00:01"]

1. e4 g6 2. d4 Bg7 3. Nc3 c6 4. Bc4 d5 5. exd5 b5 6. Be2 b4 7. Na4 cxd5 8. a3 bxa3 9. Rxa3 Nc6 10. Nf3 Nf6 11. O-O O-O 12. Nc5 a5 13. c3 Qc7 14. b4 Bf5 15. b5 Nb8 16. Qb3 Nbd7 17. Be3 e6 18. Na6 Qb6 19. Qa4 Ne4 20. Nd2 Rfc8 21. f3 Nd6 22. Bf2 Bf8 23. g4 Nxb5 24. Bxb5 Bxa3 25. Bxd7 Rxc3 26. gxf5 gxf5 27. Nc5 Bb4 28. Kh1 Kh8 29. Bh4 h6 30. Bf6+ Kh7 31. Be8 Ra7 32. Rg1 h5 33. Qd1 e5 34. Rg7+ Kh6 35. Qg1 Qxf6 36. Rg8 e4 37. Nd7 Rxd7 38. Bxd7 e3 39. Nb1 e2 40. Nxc3 Bxc3 41. Re8 e1=Q 42. Rxe1 Bxe1 43. Qxe1 Kg5 44. Qd2+ f4 45. Bh3 Qb6 46. Qg2+ Kh6 47. Qd2 a4 48. Qxf4+ Kg7 49. Qg5+ Qg6 50. Qe5+ Qf6 51. Qe3 Qd6 52. Bf5 a3 53. Qg5+ Kf8 54. Qh6+ Qxh6 0-1


[Site "https://www.chess.com"]

[Event "Titled Tuesday Blitz January 25 2022"]
[White "Loy, Konstantin"]
[Black "Pultinevicius, Paulius"]
[WhiteFideId "14122499"]
[BlackFideId "12809390"]
[WhiteElo "2084"]
[BlackElo "2413"]
[Result "0-1"]
[Round "01"]
[TimeControl "180+1"]
[Date "2022.01.26"]
[WhiteClock "0:00:02"]
[BlackClock "0:00:48"]

1. e4 e5 2. Nf3 Nf6 3. Nxe5 d6 4. Nf3 Nxe4 5. d4 d5 6. Bd3 Bd6 7. O-O O-O 8. c4 c6 9. Nc3 Nxc3 10. bxc3 dxc4 11. Bxc4 Bf5 12. Bg5 Qa5 13. Qd2 Nd7 14. Bd3 Rfe8 15. Bh4 Nb6 16. Bg3 Bxg3 17. hxg3 Bxd3 18. Qxd3 Qd5 19. a4 Nc4 20. Rab1 b5 21. axb5 cxb5 22. Rfe1 a5 23. Rxe8+ Rxe8 24. Nd2 Nxd2 25. Qxd2 a4 26. Qb2 Qf5 27. Rd1 Rd8 28. Qb4 h6 29. Rb1 Re8 30. Rd1 Re2 31. Rf1 Qd3 32. Qc5 Rc2 33. Rb1 Rxc3 34. Qxb5 Rc1+ 0-1


[Site "https://www.chess.com"]

[Event "Titled Tuesday Blitz January 25 2022"]
[White "Maksimovic, Bojan"]
[Black "Redzisz, Michal"]
[WhiteFideId "14408120"]
[BlackFideId "21816107"]
[WhiteElo "2450"]
[BlackElo "1961"]
[Result "1-0"]
[Round "01"]
[TimeControl "180+1"]
[Date "2022.01.26"]
[WhiteClock "0:00:06"]
[BlackClock "0:00:18"]

1. e4 c5 2. Nf3 e6 3. d4 cxd4 4. Nxd4 Nc6 5. Nc3 Qc7 6. Nxc6 bxc6 7. Bd3 d5 8. O-O Bd6 9. f4 Ne7 10. Qh5 g6 11. Qh6 Bb7 12. Be3 O-O-O 13. Kh1 f5 14. e5 Bb4 15. Ne2 c5 16. c3 Ba5 17. b4 Bb6 18. bxc5 Bxc5 19. Bxc5 Qxc5 20. Nd4 Kd7 21. Rab1 Rb8 22. Bb5+ Bc6 23. Nxc6 Rxb5 24. Qg7 Rxb1 25. Rxb1 Rc8 26. Nxe7 Qxc3 27. Nxc8+ Kxc8 28. Qb7+ Kd8 29. Qb8+ Kd7 30. Rb7+ Kc6 31. Qc7# 1-0


[Site "https://www.chess.com"]

[Event "Titled Tuesday Blitz January 25 2022"]
[White "Martin Carmona, Gaston Manuel"]
[Black "Willow, Jonah B"]
[WhiteFideId "22284567"]
[BlackFideId "438804"]
[WhiteElo "2161"]
[BlackElo "2261"]
[Result "0-1"]
[Round "01"]
[TimeControl "180+1"]
[Date "2022.01.26"]
[WhiteClock "0:00:20"]
[BlackClock "0:02:11"]

1. e4 c5 2. c3 Nf6 3. e5 Nd5 4. d4 cxd4 5. Nf3 Nc6 6. cxd4 g6 7. Nc3 Nxc3 8. bxc3 Bg7 9. h4 d6 10. exd6 Qxd6 11. h5 Bg4 12. h6 Bf6 13. Be2 O-O 14. Rb1 b6 15. O-O Rfd8 16. Be3 Rac8 17. Qa4 Na5 18. Rfc1 Bxf3 19. Bxf3 Rc4 20. Qd1 Rdc8 21. Qd2 Qa3 22. Bg5 Rxc3 23. Rxc3 Qxc3 24. Qxc3 Rxc3 25. Bd2 Rc8 26. Bxa5 bxa5 27. Rb7 Bxd4 28. Rxe7 Kf8 29. Rd7 Rc1+ 30. Kh2 Bxf2 31. Bd5 Ke8 32. Rxf7 Rc5 33. Bb3 Rh5# 0-1


[Site "https://www.chess.com"]

[Event "Titled Tuesday Blitz January 25 2022"]
[White "Martinez Alcantara, Jose Eduardo"]
[Black "Perera Alfonso, Rene Humberto"]
[WhiteFideId "3805662"]
[BlackFideId "3514722"]
[WhiteElo "2690"]
[BlackElo "2313"]
[Result "1-0"]
[Round "01"]
[TimeControl "180+1"]
[Date "2022.01.26"]
[WhiteClock "0:00:11"]
[BlackClock "0:00:02"]

1. e4 c5 2. Nf3 d6 3. c3 Nf6 4. h3 Nc6 5. Bd3 g5 6. Bc2 g4 7. hxg4 Bxg4 8. d3 Qc7 9. Bf4 O-O-O 10. Nbd2 e5 11. Bg5 Be7 12. Bxf6 Bxf6 13. Bb3 Be6 14. Bxe6+ fxe6 15. Qe2 d5 16. O-O-O Kb8 17. Kb1 h5 18. g3 a6 19. Nb3 Qb6 20. c4 Ka7 21. Rc1 dxe4 22. Qxe4 a5 23. Na1 Nd4 24. Nc2 Nxc2 25. Rxc2 Qd6 26. Rd2 Rdg8 27. Rdd1 Rg4 28. Qe2 Rg7 29. Nd2 h4 30. Ne4 Qe7 31. Qe3 b6 32. gxh4 Rxh4 33. Rxh4 Bxh4 34. Rh1 Bg5 35. Qf3 Bf4 36. Nc3 Qb7 37. Ne4 Rh7 38. Rg1 Rg7 39. Rd1 Rh7 40. a3 Rh2 41. Qg4 Qd7 42. Ka2 Rh7 43. Nc3 Rg7 44. Qh3 Rh7 45. Nb5+ Ka6 46. Qf3 Qb7 47. Qg4 Rh2 48. Rf1 Rh6 49. Qg8 Rh7 50. Nd6 Qd7 51. Qa8+ Qa7 52. Qc8+ Rb7 53. Qc6 Rc7 54. Qb5# 1-0


[Site "https://www.chess.com"]

[Event "Titled Tuesday Blitz January 25 2022"]
[White "Mickiewicz, Piotr"]
[Black "Maghsoodloo, Parham"]
[WhiteFideId "1114891"]
[BlackFideId "12539929"]
[WhiteElo "2266"]
[BlackElo "2630"]
[Result "0-1"]
[Round "01"]
[TimeControl "180+1"]
[Date "2022.01.26"]
[WhiteClock "0:00:01"]
[BlackClock "0:01:41"]

1. e4 e5 2. Nf3 Nc6 3. Bb5 a6 4. Ba4 Nf6 5. O-O Be7 6. Re1 b5 7. Bb3 O-O 8. d3 d6 9. h3 Be6 10. c3 h6 11. Nbd2 Qd7 12. Nf1 Rfe8 13. Ng3 Bf8 14. d4 Bxb3 15. Qxb3 g6 16. d5 Na5 17. Qc2 c6 18. dxc6 Qxc6 19. Bd2 Nc4 20. Rad1 Rad8 21. Bc1 d5 22. exd5 Nxd5 23. b3 Ncb6 24. Nxe5 Qxc3 25. Qxc3 Nxc3 26. Rxd8 Rxd8 27. Bb2 Nxa2 28. Nc6 Rd2 29. Bf6 Rc2 30. Ne7+ Kh7 31. h4 Rc1 32. Kf1 Rxe1+ 33. Kxe1 Nc1 34. b4 Nd3+ 35. Ke2 Nxb4 36. Ne4 N6d5 37. Nxd5 Nxd5 38. Bd4 f5 39. Nc5 Bxc5 40. Bxc5 Nf4+ 41. Kf3 Ne6 42. Be3 h5 0-1


[Site "https://www.chess.com"]

[Event "Titled Tuesday Blitz January 25 2022"]
[White "Navalgund, Niranjan"]
[Black "Siva Mahadevan"]
[WhiteFideId "5030854"]
[BlackFideId "25043153"]
[WhiteElo "2290"]
[BlackElo "2203"]
[Result "0-1"]
[Round "01"]
[TimeControl "180+1"]
[Date "2022.01.26"]
[WhiteClock "0:00:05"]
[BlackClock "0:00:18"]

1. e4 c5 2. Nf3 Nc6 3. Nc3 d6 4. Bc4 Nf6 5. O-O e6 6. Re1 Be7 7. e5 dxe5 8. Nxe5 Nxe5 9. Rxe5 O-O 10. d3 b6 11. Qf3 Rb8 12. Bd2 Bb7 13. Qh3 Nd7 14. Rh5 Nf6 15. Re5 Kh8 16. Rae1 Bc6 17. a4 Qc8 18. Rg5 Bd6 19. Rxg7 Kxg7 20. Qh6+ Kg8 21. Qxf6 Qd8 22. Qh6 Kh8 23. Bg5 Be7 24. Bf4 Rb7 25. Ne4 Bxe4 26. Rxe4 Bf6 27. Be5 Bxe5 28. Rxe5 Rg8 29. Rh5 Rg7 30. h3 Qd4 31. c3 Qd6 32. Qf6 Qe7 33. Qe5 Rd7 34. Rh6 Rd8 35. Rf6 Rdg8 36. Rf3 Qg5 37. Qxg5 Rxg5 38. g4 R8g7 39. Kf1 h5 40. gxh5 Rxh5 41. Ke2 Kg8 42. Re3 Kf8 43. Re4 Rxh3 44. d4 cxd4 45. cxd4 Ke7 46. d5 Rh6 47. f4 Kd6 48. dxe6 fxe6 49. Kf3 Rh3+ 50. Kf2 Rh2+ 51. Kf3 Rg6 52. b4 Rf6 53. Kg3 Rb2 54. Rd4+ Kc7 55. Bb5 Rg6+ 56. Kf3 Rg7 57. Rc4+ Kd6 58. Rd4+ Ke7 59. Ke4 Kf6 60. Kf3 Rgg2 61. Rd7 Rgf2+ 62. Kg3 Rfd2 63. Rxa7 Rxb4 64. Rh7 Rb3+ 65. Kg4 Rg2+ 66. Kh4 Rh2+ 67. Kg4 Rxh7 0-1


[Site "https://www.chess.com"]

[Event "Titled Tuesday Blitz January 25 2022"]
[White "Nesterov, Arseniy"]
[Black "Ortega Amarelle, Mariano"]
[WhiteFideId "24198455"]
[BlackFideId "3504301"]
[WhiteElo "2489"]
[BlackElo "2389"]
[Result "1-0"]
[Round "01"]
[TimeControl "180+1"]
[Date "2022.01.26"]
[WhiteClock "0:00:21"]
[BlackClock "0:00:08"]

1. d4 Nf6 2. c4 e6 3. Nc3 d5 4. Nf3 dxc4 5. e4 Bb4 6. Bxc4 Nxe4 7. O-O Nxc3 8. bxc3 Bd6 9. Re1 O-O 10. Ne5 Nd7 11. Bf4 Bxe5 12. dxe5 Nb6 13. Bd3 Qh4 14. Bg3 Qa4 15. Qh5 h6 16. Re4 Qa3 17. Rg4 Qxc3 18. Rd1 Kh8 19. Bf4 Rd8 20. Bxh6 1-0


[Site "https://www.chess.com"]

[Event "Titled Tuesday Blitz January 25 2022"]
[White "Nilsen, Tobias Lang"]
[Black "Deac, Bogdan-Daniel"]
[WhiteFideId "1521624"]
[BlackFideId "1226380"]
[WhiteElo "2013"]
[BlackElo "2646"]
[Result "0-1"]
[Round "01"]
[TimeControl "180+1"]
[Date "2022.01.26"]
[WhiteClock "0:00:21"]
[BlackClock "0:00:14"]

1. e4 c5 2. Nf3 g6 3. d4 Bg7 4. dxc5 Qa5+ 5. Nc3 Nf6 6. Bd2 Qxc5 7. Bd3 Nc6 8. O-O O-O 9. Qe2 d6 10. h3 Qh5 11. Nh2 Be6 12. Qxh5 Nxh5 13. a3 Ne5 14. f4 Nxd3 15. cxd3 Bd4+ 16. Rf2 f5 17. exf5 gxf5 18. Nf3 Bxf2+ 19. Kxf2 Bd7 20. Re1 Rae8 21. Nd5 e6 22. Nc7 Re7 23. Nd4 Kf7 24. Ncb5 Bxb5 25. Nxb5 Rd7 26. Bb4 Nxf4 27. Nxd6+ Rxd6 28. Bxd6 Nxd3+ 29. Ke2 Nxe1 30. Bxf8 Kxf8 31. Kxe1 Kf7 32. Ke2 e5 33. Ke3 h5 34. g3 Ke6 35. Kd3 h4 36. gxh4 Kf6 37. Kc4 f4 38. Kd3 Kf5 39. b4 e4+ 40. Kd4 f3 41. Ke3 Kg6 42. b5 Kh5 43. a4 b6 44. Kxe4 f2 45. Kd5 f1=Q 46. Kc6 Qf7 47. Kd6 Qc4 48. a5 bxa5 49. b6 axb6 50. Ke7 a4 51. Kf6 a3 52. Kg7 a2 53. Kh7 Kxh4 54. Kh6 Qc6+ 55. Kg7 Kh5 56. Kf7 Qd7+ 57. Kg8 Kh6 58. h4 Qe8# 0-1


[Site "https://www.chess.com"]

[Event "Titled Tuesday Blitz January 25 2022"]
[White "Novikov, Evgenij"]
[Black "Le, Tuan Minh"]
[WhiteFideId "4125380"]
[BlackFideId "12401153"]
[WhiteElo "2242"]
[BlackElo "2450"]
[Result "0-1"]
[Round "01"]
[TimeControl "180+1"]
[Date "2022.01.26"]
[WhiteClock "0:00:02"]
[BlackClock "0:00:06"]

1. e4 c5 2. Nf3 Nf6 3. Nc3 d5 4. exd5 Nxd5 5. Bc4 Nb6 6. Bb5+ Bd7 7. O-O Bxb5 8. Nxb5 Qd7 9. Nc3 Nc6 10. d3 e6 11. Bf4 Be7 12. Qd2 O-O 13. Rfe1 Rfd8 14. Ne5 Nxe5 15. Bxe5 Nc4 16. Qc1 Nxe5 17. Rxe5 Rac8 18. Re4 Bf6 19. Qe1 Bd4 20. Rb1 g6 21. Re2 Bg7 22. b3 b5 23. Ne4 c4 24. dxc4 bxc4 25. h4 h6 26. h5 g5 27. Rd2 Qc6 28. Rbd1 Rxd2 29. Rxd2 cxb3 30. cxb3 Be5 31. Re2 Qd5 32. g3 Kg7 33. Qb1 Bd4 34. Qe1 Kf8 35. Kh2 Kg8 36. Qd2 Kg7 37. Qd3 Bb6 38. Rd2 Qxd3 39. Rxd3 Rc2 40. Rd2 Rxd2 41. Nxd2 Bxf2 42. Kg2 Bb6 43. Nc4 Kf6 44. Kf3 Ke7 45. g4 f5 46. a4 Bc5 47. Na5 Kd6 48. Nb7+ Kd5 49. Nd8 Bf8 50. Nf7 f4 51. Nd8 e5 52. Nb7 e4+ 53. Ke2 f3+ 54. Kf2 Bb4 0-1


[Site "https://www.chess.com"]

[Event "Titled Tuesday Blitz January 25 2022"]
[White "Obolenskikh, Dmitry"]
[Black "Dolzhykova, Kateryna"]
[WhiteFideId "4156013"]
[BlackFideId "14113414"]
[WhiteElo "2512"]
[BlackElo "2165"]
[Result "1-0"]
[Round "01"]
[TimeControl "180+1"]
[Date "2022.01.26"]
[WhiteClock "0:01:24"]
[BlackClock "0:00:07"]

1. Nf3 Nf6 2. c4 e6 3. Nc3 d5 4. e3 Be7 5. b3 O-O 6. Bb2 c5 7. cxd5 exd5 8. d4 Nc6 9. Be2 Bf5 10. O-O Rc8 11. Rc1 h6 12. dxc5 Bxc5 13. Nxd5 Qxd5 14. Qxd5 Nxd5 15. Rxc5 Ncb4 16. Rxc8 Rxc8 17. Nd4 Bg6 18. a3 Nd3 19. Bxd3 Bxd3 20. Rc1 Rxc1+ 21. Bxc1 Nc3 22. f3 Ne2+ 23. Nxe2 Bxe2 24. Kf2 Bd1 25. b4 g6 26. e4 h5 27. h4 Ba4 28. Ke3 Kf8 29. Kf4 Ke7 30. Be3 a6 31. Bd4 f6 32. g4 Bd7 33. g5 fxg5+ 34. hxg5 h4 35. Ke5 h3 36. Bg1 Kf7 37. f4 Bc6 38. f5 Bb5 39. f6 Bc6 40. Bh2 b5 41. Bg3 Ba8 42. Bf4 Bb7 43. Bh2 Ba8 44. Kd4 Ke6 45. e5 Bd5 46. f7 1-0


[Site "https://www.chess.com"]

[Event "Titled Tuesday Blitz January 25 2022"]
[White "Okike, David"]
[Black "Abarca Gonzalez, Nicolas"]
[WhiteFideId "8500134"]
[BlackFideId "3409422"]
[WhiteElo "2232"]
[BlackElo "2504"]
[Result "1-0"]
[Round "01"]
[TimeControl "180+1"]
[Date "2022.01.26"]
[WhiteClock "0:00:47"]
[BlackClock "0:00:06"]

1. e4 c5 2. Nf3 d6 3. d4 cxd4 4. Nxd4 Nf6 5. Nc3 g6 6. Be3 Bg7 7. f3 O-O 8. Qd2 Nc6 9. Bc4 Ne5 10. Bb3 Bd7 11. O-O-O Qa5 12. Kb1 Rfc8 13. Rhe1 Nc4 14. Bxc4 Rxc4 15. Nde2 Be6 16. Nd5 Qxd2 17. Rxd2 Bxd5 18. exd5 a5 19. b3 Rcc8 20. c4 a4 21. Bd4 b5 22. cxb5 axb3 23. axb3 Ra5 24. Nc3 Nd7 25. Bxg7 Kxg7 26. Kb2 Kf8 27. Rde2 Ne5 28. Rd1 g5 29. Rd4 Ra7 30. Re3 Rb7 31. g3 Rc5 32. Rde4 f5 33. Ra4 Kf7 34. Ra8 Rcxb5 35. Nxb5 Rxb5 36. Kc3 Rxd5 37. f4 gxf4 38. gxf4 Ng6 39. Rf3 Kf6 40. b4 e5 41. fxe5+ dxe5 42. h4 e4 43. Rh3 Nf4 44. Rh2 Rd3+ 45. Kc4 Rd7 46. b5 e3 47. Re8 Re7 48. Rxe7 Kxe7 49. Rh1 Ng2 50. Kd3 f4 51. Ke2 Kd6 52. Kf3 Kc5 53. Kxg2 Kxb5 54. Kf3 Kc4 55. Kxf4 Kd3 56. Kf3 1-0


[Site "https://www.chess.com"]

[Event "Titled Tuesday Blitz January 25 2022"]
[White "Ozates, Tuna"]
[Black "Vokhidov, Shamsiddin"]
[WhiteFideId "6354521"]
[BlackFideId "14204223"]
[WhiteElo "1872"]
[BlackElo "2611"]
[Result "0-1"]
[Round "01"]
[TimeControl "180+1"]
[Date "2022.01.26"]
[WhiteClock "0:00:13"]
[BlackClock "0:01:23"]

1. e4 c5 2. Nf3 d6 3. Bb5+ Nd7 4. d4 cxd4 5. Nxd4 Nf6 6. Bd3 Nc5 7. f3 e5 8. Bb5+ Bd7 9. Bxd7+ Qxd7 10. Nf5 d5 11. Nc3 d4 12. Ne2 g6 13. Bg5 Nfxe4 14. fxe4 Nxe4 15. O-O gxf5 16. Bh4 Rg8 17. Ng3 Nxg3 18. hxg3 Rg4 19. Qf3 f4 20. Rae1 Bg7 21. Qe4 f5 22. Qd3 Kf8 23. Qb3 Re8 24. Qa3+ Kg8 25. Rf3 Re6 26. Qxa7 h6 27. Qb8+ Kh7 28. Rb3 b6 29. Ra3 fxg3 30. Ra7 Qd6 31. Qb7 d3 32. cxd3 Qd4+ 33. Kf1 Qf2# 0-1


[Site "https://www.chess.com"]

[Event "Titled Tuesday Blitz January 25 2022"]
[White "Pakleza, Zbigniew"]
[Black "Thorhallsson, Simon"]
[WhiteFideId "1119290"]
[BlackFideId "2310090"]
[WhiteElo "2467"]
[BlackElo "2137"]
[Result "1/2-1/2"]
[Round "01"]
[TimeControl "180+1"]
[Date "2022.01.26"]
[WhiteClock "0:00:28"]
[BlackClock "0:00:07"]

1. d4 Nf6 2. Nf3 g6 3. Bf4 Bg7 4. e3 O-O 5. Be2 d6 6. h3 c5 7. c3 Nbd7 8. O-O b6 9. Nbd2 Bb7 10. a4 Rc8 11. a5 Re8 12. Bh2 Ne4 13. Nxe4 Bxe4 14. Qb3 e5 15. axb6 axb6 16. dxe5 Nxe5 17. Nxe5 Bxe5 18. Bxe5 dxe5 19. Rfd1 Qf6 20. Ra6 Re6 21. Bg4 Qg5 22. f4 exf4 23. exf4 Qxf4 24. Bxe6 Qe3+ 25. Kh1 Bxg2+ 26. Kxg2 Qe2+ 27. Kg1 Qe3+ 28. Kf1 Qf3+ 29. Kg1 Qg3+ 30. Kh1 Qf3+ 31. Kh2 Qf2+ 32. Kh1 Qf3+ 33. Kg1 Qg3+ 34. Kf1 Qf3+ 35. Ke1 Qe3+ 36. Kf1 Qf3+ 1/2-1/2


[Site "https://www.chess.com"]

[Event "Titled Tuesday Blitz January 25 2022"]
[White "Pap, Gyula"]
[Black "Tokman, Ariel"]
[WhiteFideId "725323"]
[BlackFideId "117420"]
[WhiteElo "2553"]
[BlackElo "2293"]
[Result "1/2-1/2"]
[Round "01"]
[TimeControl "180+1"]
[Date "2022.01.26"]
[WhiteClock "0:00:05"]
[BlackClock "0:00:08"]

1. e4 e5 2. Nf3 Nc6 3. Bb5 Nf6 4. d3 d6 5. O-O Be7 6. c3 O-O 7. Re1 a6 8. Ba4 b5 9. Bc2 Nb8 10. d4 Nbd7 11. Nbd2 Bb7 12. Nf1 Re8 13. Ng3 Bf8 14. a4 c5 15. d5 Nb6 16. a5 Nbd7 17. b3 g6 18. c4 Bg7 19. Bg5 b4 20. Qd2 Rf8 21. Nh4 Qc7 22. Nhf5 gxf5 23. Nxf5 Kh8 24. Re3 Rg8 25. Rh3 Nf8 26. f4 Ne8 27. Nxg7 Rxg7 28. Bh6 f6 29. Bxg7+ Qxg7 30. Rf1 Ng6 31. f5 Nf4 32. Rh4 Ra7 33. g3 Qg5 34. Kh1 Bc8 35. Qf2 Nh5 36. Qf3 Nhg7 37. Qe2 Re7 38. Re1 Bd7 39. Rg4 Qh5 40. Kg2 Nc7 41. Rh4 Qg5 42. Qe3 Qxe3 43. Rxe3 Be8 44. Rg4 Bh5 45. Rh4 Be8 46. g4 Kg8 47. Reh3 Bf7 48. Rxh7 Be8 49. Rh8+ Kf7 50. R3h7 Bd7 51. h4 Re8 52. g5 Rxh8 53. g6+ Kg8 54. Rxh8+ Kxh8 55. Bd1 Be8 56. Bg4 Kg8 57. h5 Nxh5 58. Bxh5 Kg7 59. Kg3 Kh6 60. Kh4 Bd7 61. Bg4 Ne8 62. Bf3 Ng7 63. Bg4 Bc8 64. Bh3 Bd7 65. Bg4 Be8 66. Bh3 Bd7 67. Bg4 1/2-1/2


[Site "https://www.chess.com"]

[Event "Titled Tuesday Blitz January 25 2022"]
[White "Perske, Thore"]
[Black "Sjugirov, Sanan"]
[WhiteFideId "12902195"]
[BlackFideId "4189302"]
[WhiteElo "2315"]
[BlackElo "2602"]
[Result "0-1"]
[Round "01"]
[TimeControl "180+1"]
[Date "2022.01.26"]
[WhiteClock "0:00:01"]
[BlackClock "0:00:01"]

1. e4 c5 2. Nf3 d6 3. Bb5+ Nd7 4. O-O a6 5. Bd3 Ngf6 6. Re1 g6 7. a4 b6 8. c3 Ne5 9. Be2 Bh6 10. d4 Nxf3+ 11. Bxf3 Bxc1 12. Qxc1 e5 13. Qd2 O-O 14. Na3 Be6 15. b4 cxd4 16. cxd4 Qe7 17. d5 Bd7 18. Nc4 Rab8 19. a5 bxa5 20. bxa5 Bb5 21. Nb6 Nd7 22. Nxd7 Qxd7 23. Rec1 Rfc8 24. Rxc8+ Rxc8 25. Rc1 Rc7 26. h3 Qc8 27. Rxc7 Qxc7 28. Qb4 Kg7 29. Kh2 h6 30. h4 Kf8 31. Qd2 Kg7 32. Qb4 Qc5 33. Qd2 Qa3 34. Kg1 Bd3 35. Kh2 Qb3 36. Qe3 Qc2 37. g3 Bb5 38. Qb6 Qc3 39. Bg2 Qa3 40. Kg1 Qa1+ 41. Kh2 Qa3 42. Kg1 Qc5 43. Kh2 Qb4 44. Kg1 g5 45. hxg5 hxg5 46. Kh2 Qa3 47. Kg1 Qb4 48. Kh2 Kg6 49. Kg1 f6 50. Kh2 Qa3 51. Qd8 Kf7 52. Qc7+ Ke8 53. Qb8+ Ke7 54. Qc7+ Bd7 55. Qb6 Qc5 56. Qxa6 Qxf2 57. Qb6 Qd2 0-1


[Site "https://www.chess.com"]

[Event "Titled Tuesday Blitz January 25 2022"]
[White "Petrovic, Aleksa"]
[Black "Panesar Vedant"]
[WhiteFideId "967629"]
[BlackFideId "35033018"]
[WhiteElo "2139"]
[BlackElo "1971"]
[Result "0-1"]
[Round "01"]
[TimeControl "180+1"]
[Date "2022.01.26"]
[WhiteClock "0:00:18"]
[BlackClock "0:00:19"]

1. d4 Nf6 2. c4 e6 3. Nf3 d5 4. Nc3 Be7 5. Bg5 h6 6. Bh4 O-O 7. e3 b6 8. Rb1 Bb7 9. b4 Nbd7 10. c5 a5 11. a3 axb4 12. axb4 Ne4 13. Bxe7 Qxe7 14. Qc2 Ndf6 15. Nxe4 dxe4 16. Ne5 Bd5 17. Bc4 Nd7 18. Nxd7 Qxd7 19. O-O b5 20. Bxd5 exd5 21. Ra1 c6 22. Qb2 Ra4 23. Ra3 Rfa8 24. Rfa1 Qg4 25. h3 Rxa3 26. Rxa3 Qd1+ 27. Kh2 Ra4 28. Rxa4 Qxa4 29. Kg3 Kh7 30. Kf4 Kg6 31. Kg3 Kf6 32. f3 exf3 33. gxf3 Ke6 34. Kh4 Qd1 35. Qg2 g5+ 36. Kh5 Qd3 37. Kxh6 Qg6# 0-1


[Site "https://www.chess.com"]

[Event "Titled Tuesday Blitz January 25 2022"]
[White "Petrovskyi, Vadym"]
[Black "Pham, Le Thao Nguyen"]
[WhiteFideId "14165210"]
[BlackFideId "12401226"]
[WhiteElo "2424"]
[BlackElo "2286"]
[Result "1-0"]
[Round "01"]
[TimeControl "180+1"]
[Date "2022.01.26"]
[WhiteClock "0:01:17"]
[BlackClock "0:01:28"]

1. e4 b6 2. d4 Bb7 3. Nc3 e6 4. Nf3 c5 5. Be3 Be7 6. d5 d6 7. Bc4 e5 8. a4 Nf6 9. h3 O-O 10. g4 Ne8 11. Qd2 a6 12. h4 Nc7 13. h5 Nd7 14. g5 b5 15. axb5 axb5 16. Rxa8 Qxa8 17. Nxb5 Qa1+ 18. Qc1 Qxc1+ 19. Bxc1 Nb6 20. Be2 Nxb5 21. Bxb5 Ra8 22. O-O f5 23. gxf6 Bxf6 24. Be3 Ra2 25. Rb1 Bc8 26. b4 Rxc2 27. bxc5 dxc5 28. Bd3 Rc3 29. Rxb6 Rxd3 30. Rb8 Kf7 31. Rxc8 g5 32. hxg6+ hxg6 33. Rxc5 Rb3 34. Rc7+ Ke8 35. Rc6 Be7 36. Nxe5 Bh4 37. Rc8+ Ke7 38. Nxg6+ Kd7 39. Nxh4 Kxc8 40. Kg2 Kd7 41. Kf3 Kd6 42. Nf5+ Ke5 43. Nd4 Rb4 44. Nc6+ Kd6 45. Nxb4 Ke5 46. Nd3+ Kd6 47. Kf4 Ke7 48. Ke5 Kf7 49. Kd4 Ke7 50. f4 1-0


[Site "https://www.chess.com"]

[Event "Titled Tuesday Blitz January 25 2022"]
[White "Podinic, Bojan"]
[Black "Shkapenko, Pavel"]
[WhiteFideId "931160"]
[BlackFideId "4151933"]
[WhiteElo "2256"]
[BlackElo "2386"]
[Result "0-1"]
[Round "01"]
[TimeControl "180+1"]
[Date "2022.01.26"]
[WhiteClock "0:00:22"]
[BlackClock "0:00:17"]

1. e4 e5 2. Nc3 Nf6 3. f4 d5 4. fxe5 Nxe4 5. Qf3 Nc6 6. Bb5 Nxc3 7. dxc3 Qh4+ 8. g3 Qe4+ 9. Qxe4 dxe4 10. Bxc6+ bxc6 11. Ne2 h5 12. Be3 h4 13. Kf2 Rh5 14. Bf4 Bg4 15. Nd4 c5 16. h3 hxg3+ 17. Kxg3 Bd7 18. Ne2 Rf5 19. h4 O-O-O 20. c4 g6 21. Rad1 Bg7 22. Rd5 Bc6 23. Rxc5 Kb7 24. Nc3 Bf8 25. Rxc6 Kxc6 26. Nd5 Kb7 27. Re1 c6 28. Ne3 Rh5 29. Ng4 Be7 30. Nf6 Bxf6 31. exf6 Re8 32. Bg5 Re6 33. Kf4 Rh8 34. Rxe4 Rxe4+ 35. Kxe4 Re8+ 36. Kd4 Re2 37. Kc3 Kc7 38. c5 Kd7 39. Kb3 Ke6 40. c4 Ke5 41. Kc3 Rf2 42. a3 a5 43. Kb3 Kd4 44. Ka4 Rxb2 45. Kxa5 Kxc4 46. Be3 Rb3 47. Bf4 Kxc5 48. a4 Kd5 49. Bg5 c5 50. Ka6 c4 51. a5 c3 52. Ka7 c2 53. a6 Rb1 54. Ka8 Kc6 55. a7 c1=Q 56. Bxc1 Rxc1 57. Kb8 Rb1+ 58. Kc8 Ra1 59. Kb8 Kd6 60. a8=Q Rxa8+ 61. Kxa8 Ke6 62. Kb7 Kxf6 63. Kc6 Ke5 64. Kc5 f5 65. Kc4 Ke4 0-1


[Site "https://www.chess.com"]